 Dungeon Crawl Stone Soup version 0.17.1-2-g5865329 (webtiles) character file.

133 WarriorsX the Covered (level 5, -3/41 HPs)
             Began as a Human Fighter on Feb 16, 2016.
             Was an Initiate of Nemelex Xobeh.
             Killed from afar by an orc wizard (10 damage)
             ... with a magic dart
             ... on level 2 of the Dungeon.
             The game lasted 00:16:28 (2264 turns).

WarriorsX the Covered (Human Fighter)               Turns: 2264, Time: 00:16:28

Health: -3/41      AC:  7    Str: 22    XL:     5   Next: 40%
Magic:  5/5        EV:  8    Int:  9    God:    Nemelex Xobeh [......]
Gold:   67         SH:  9    Dex: 12    Spells: 0 memorised, 4 levels left

rFire  + . .     SeeInvis .     a - +0 long sword
rCold  x . .     Clarity  .     b - +0 scale mail
rNeg   . . .     SustAt   .     c - +0 shield
rPois  .         Gourm    .     (no helmet)
rElec  .         Spirit   .     (no cloak)
rCorr  .         Warding  .     (no gloves)
rMut   .         Stasis   .     (no boots)
MR     .....                    (no amulet)
Stlth  ..........               (no ring)
                                r - ring of fire

@: mighty, not resistant to hostile enchantments, extremely unstealthy
A: no striking features
a: Renounce Religion


You were on level 2 of the Dungeon.
You worshipped Nemelex Xobeh.
Nemelex Xobeh was noncommittal.
You were hungry.

You visited 1 branch of the dungeon, and saw 3 of its levels.

You collected 77 gold pieces.

Inventory:

Hand Weapons
 a - a +0 long sword (weapon)
 k - a +0 dagger of freezing
Armour
 b - a +0 scale mail (worn)
 c - a +0 shield (worn)
Jewellery
 r - a ring of fire (left hand)
Scrolls
 f - 4 scrolls of identify
 g - a scroll of teleportation
Potions
 d - 2 potions of might
 m - a potion of heal wounds {unknown}
 n - a potion of brilliance {unknown}
 p - a potion of haste
 q - a potion of lignification
Miscellaneous
 j - a plain deck of wonders {drawn: 2}
 l - a plain deck of destruction {drawn: 1}
Comestibles
 e - a bread ration
 h - a meat ration


   Skills:
 - Level 3.0 Fighting
 * Level 2.8 Long Blades
 + Level 4.1 Armour
 - Level 1.1 Dodging
 - Level 4.0 Shields
 + Level 0.2 Evocations


You had 4 spell levels left.
You didn't know any spells.

Dungeon Overview and Level Annotations

Branches:
Dungeon (3/15)

Altars:
Ashenzari
Nemelex Xobeh
Sif Muna


Message History

You block its attack.
You miss something. Something hits you but does no damage.
You closely miss something. Something hits you but does no damage.
You hear some strange, mumbled words.
A puff of frost appears from out of thin air!
The puff of frost hits you!
You feel a terrible chill!
* * * LOW HITPOINT WARNING * * *
Something hits you but does no damage.
There is a stone staircase leading up here.
Something hits you but does no damage.
You climb upwards.
There is a stone staircase leading down here.
You hear some strange, mumbled words.
A puff of frost appears from out of thin air!
The puff of frost hits you!
You feel a terrible chill!
* * * LOW HITPOINT WARNING * * *
A magic dart appears from out of thin air!
The magic dart hits you!
You die...
Your body disappears without a glow.

......# #...# ......#
#...# ......# #...#
......# #...# ......#
#...# ......# ##...#
...†..# ###....#
.....## #..{>..#
###...#
########@#######
###.###[.......#
##).## #..#........##
#....# ##...........#
#....#
##..........###....#
####..........##....##
##.##...[......#...###
#...#.......)....#.#
#..............###.#


There were no monsters in sight!

Vanquished Creatures
  Ijyb (D:2)
  An orc priest (D:3)
  3 gnolls (D:2)
  An adder (D:3)
  An orc (D:3)
  A goblin (D:2)
  6 hobgoblins
  5 jackals
  A quokka (D:2)
  7 bats
  A giant cockroach (D:1)
  5 giant newts
  4 kobolds
  5 rats
42 creatures vanquished.

Notes
Turn   | Place    | Note
--------------------------------------------------------------
     0 | D:1      | WarriorsX the Human Fighter began the quest for the Orb.
     0 | D:1      | Reached XP level 1. HP: 18/18 MP: 1/1
   121 | D:1      | Reached XP level 2. HP: 20/24 MP: 2/2
   777 | D:1      | Reached XP level 3. HP: 29/29 MP: 3/3
   910 | D:2      | Found a sparkling altar of Nemelex Xobeh.
   914 | D:2      | Became a worshipper of Nemelex Xobeh the Trickster
  1014 | D:2      | Noticed Ijyb
  1040 | D:2      | Killed Ijyb
  1040 | D:2      | Reached skill level 1 in Dodging
  1040 | D:2      | Reached skill level 4 in Shields
  1040 | D:2      | Reached XP level 4. HP: 30/35 MP: 4/4
  1058 | D:2      | Received a gift from Nemelex Xobeh
  1349 | D:2      | Found a shattered altar of Ashenzari.
  1432 | D:2      | Found a deep blue altar of Sif Muna.
  1432 | D:2      | Found a sparkling altar of Nemelex Xobeh.
  1859 | D:3      | Reached XP level 5. HP: 9/41 MP: 5/5
  2264 | D:2      | Killed from afar by an orc wizard

Action                   |  1- 3 |  4- 6 || total
-------------------------+-------+-------++-------
Melee: Long sword        |    93 |   104 ||   197
Evoke: Deck              |       |     3 ||     3
  Use: Scroll            |       |     5 ||     5
       Potion            |       |     2 ||     2
  Eat: Chunk             |       |     4 ||     4
